 Dungeon Crawl Stone Soup version 0.18.1-50-g88ac8fd (webtiles) character file.

25 thewizardguy the Grave Robber (level 2, -2/19 HPs)
             Began as a Mummy Necromancer on Oct 2, 2016.
             Slain by a worm (4 damage)
             ... on level 1 of the Dungeon.
             The game lasted 00:08:41 (1034 turns).

thewizardguy the Grave Robber (Mummy Necromancer)   Turns: 1034, Time: 00:08:42

Health: -2/19      AC:  2    Str: 11    XL:     2   Next: 82%
Magic:  0/5        EV: 12    Int: 14    God:
Gold:   86         SH:  0    Dex: 12    Spells: 2 memorised, 3 levels left

rFire  x . .     SeeInvis .     c - +0 dagger
rCold  + . .     Gourm    .     a - +0 robe
rNeg   + + +     Faith    .     (no shield)
rPois  ∞         Spirit   .     (no helmet)
rElec  .         Dismiss  .     (no cloak)
rCorr  .         Reflect  .     (no gloves)
SustAt .         Harm     .     (no boots)
MR     .....                    (no amulet)
Stlth  ++........               (no ring)
                                (no ring)

@: not resistant to hostile enchantments, unstealthy
A: no food or potions, fire vulnerability, cold resistance 1, negative energy
resistance 3, torment resistance, unbreathing
a: no special abilities


You were on level 1 of the Dungeon.
You were not hungry.

You visited 1 branch of the dungeon, and saw 2 of its levels.

You collected 86 gold pieces.

Inventory:

Hand Weapons
 c - a +0 dagger (weapon)
Armour
 a - a +0 robe (worn)
Scrolls
 d - a scroll of identify {unknown}
Books
 b - a book of Necromancy

   Spells                             Type                      Level
   a - Pain                           Necromancy                   1
   b - Animate Skeleton               Necromancy                   1
   c - Vampiric Draining              Necromancy                   3
   d - Regeneration                   Charms/Necromancy            3
   e - Animate Dead                   Necromancy                   4
   f - Control Undead                 Necromancy                   4


   Skills:
 + Level 1.7 Dodging
 + Level 1.5 Stealth
 + Level 2.3 Spellcasting
 + Level 4.5 Necromancy


You had 3 spell levels left.
You knew the following spells:

 Your Spells              Type           Power        Failure   Level  Hunger
a - Pain                  Necr           ##..         3%          1    N/A
b - Animate Skeleton      Necr           N/A          3%          1    N/A

Dungeon Overview and Level Annotations

Branches:
Dungeon (2/15)

Altars:
Ashenzari


Innate Abilities, Weirdness & Mutations

You do not eat or drink.
Your flesh is vulnerable to fire.
You are immune to poison.
Your flesh is cold resistant.
You are immune to negative energy.
You are immune to unholy pain and torment.
You can survive without breathing.


Message History

Confirm with . or Enter, or press ? or * to list all spells.
Aiming: Pain
Press: ? - help, Shift-Dir - straight line, f/p - worm
Aim: a worm (chance to defeat MR: 79%)
The worm convulses in agony!
The worm bites you!
Ouch! That really hurt!
* * * LOW HITPOINT WARNING * * *
Casting: Pain
Confirm with . or Enter, or press ? or * to list all spells.
Aiming: Pain
Press: ? - help, Shift-Dir - straight line, f/p - worm
Aim: a worm (moderately wounded, chance to defeat MR: 79%)
The worm barely resists.
Casting: Pain
Confirm with . or Enter, or press ? or * to list all spells.
Aiming: Pain
Press: ? - help, Shift-Dir - straight line, f/p - worm
Aim: a worm (moderately wounded, chance to defeat MR: 79%)
The worm convulses in agony!
The worm bites you.
You die...

#.# #.#P≈≈♣#
#.P≈♣≈≈≈♣.. #.#
#Z#P≈≈.#
#.%≈≈≈♣≈... #.#
#.##≈≈.#
#..≈≈....P. #####.#
#.##.#.#
#..P≈≈P.P.. #.....#
#)##...#
#.#...ZP.##
###.P##.# #.##...#
#...P....##
#...≈PPP####.##.###
####..♣#.##
#.#≈≈≈≈≈PP.#.##w#
##...###
#.#≈≈♣♣≈≈≈≈..##@#
##.####
#.P≈P♣♣♣♣PP..##.#
#..... #.P≈♣♣
♣♣≈P....# ######
##P≈♣♣♣ ♣P≈P..###
#PP≈(♣♣♣≈≈.#.#
##P≈P≈P≈P.##.#
###w≈≈.≈.##.#
##.PP#.##(#
############
##..#.##.#
#..........#


You could see a worm.

Vanquished Creatures
  2 dart slugs (D:1)
  A ball python (D:1)
  A bat (D:1)
  2 giant cockroaches (D:1)
  A goblin (D:1)
  2 hobgoblins (D:1)
  3 giant newts (D:1)
  2 kobolds (D:1)
  2 rats (D:1)
16 creatures vanquished.

Vanquished Creatures (collateral kills)
  A dart slug (D:1)
  2 goblins (D:1)
3 creatures vanquished.

Grand Total: 19 creatures vanquished

Notes
Turn   | Place    | Note
--------------------------------------------------------------
     0 | D:1      | thewizardguy the Mummy Necromancer began the quest for the Orb.
     0 | D:1      | Reached XP level 1. HP: 13/13 MP: 3/3
    67 | D:1      | Learned a level 1 spell: Animate Skeleton
   207 | D:1      | Reached XP level 2. HP: 19/19 MP: 1/5
   291 | D:1      | Found a shattered altar of Ashenzari.
  1034 | D:1      | Slain by a worm

Action                   || total
-------------------------++-------
Melee: Unarmed           ||     4
       Dagger            ||    17
 Cast: Pain              ||    37
       Animate Skeleton  ||     8
Armor: Robe              ||     7
Dodge: Dodged            ||    23
